 Dungeon Crawl Stone Soup version 0.31-a0-618-g7ca08c1ff9 (webtiles) character file.

Game seed: 16595240892831242942

165 freelancePsychic the Ruffian (level 5, -4/39 HPs)
             Began as a Demonspawn Shapeshifter on Aug 22, 2023.
             Slain by an ogre
             ... wielding a +0 giant spiked club
              (27 damage)
             ... on level 4 of the Dungeon.
             The game lasted 00:02:54 (2357 turns).

freelancePsychic the Ruffian (DsSh)                 Turns: 2357, Time: 00:02:55

Health: -4/39      AC:  4    Str: 17    XL:     5   Next: 21%
Magic:  0/0        EV: 11    Int: 16    God:
Gold:   174        SH:  0    Dex: 13    Spells: 4/4 levels left

rFire   + +          .
                       - Unarmed
rCold   + . .        (no shield)
rNeg    . . .        g - +0 ring mail
rPois   +            (no helmet)
rElec   +            (no cloak)
rCorr   +            (no gloves)
SInv    .            f - -2 pair of boots "Ykhluq" {rF+ Regen+ MP-9}
Will    .....        (no amulet)
Stlth   +            j - +6 ring of intelligence
HPRegen 1.06/turn    (no ring)
MPRegen 0.07/turn

%: no passive effects
@: resistant, hasted, very quick
A: claws 2
a: no special abilities


You were on level 4 of the Dungeon.
You visited 1 branch of the dungeon, and saw 4 of its levels.

You collected 174 gold pieces.

Inventory:

Armour
 a - a +0 animal skin
 f - the -2 pair of boots "Ykhluq" (worn) {rF+ Regen+ MP-9}
   (You acquired it on level 2 of the Dungeon)

   rF+:       It protects you from fire.
   MP-9:      It affects your magic capacity (-9).
   Regen+:    It increases your rate of health regeneration.
 g - a +0 ring mail (worn)
Jewellery
 j - a +6 ring of intelligence (left claw)
Talismans
 c - a beast talisman
 d - a flux talisman
 o - a blade talisman
Scrolls
 e - 2 scrolls of noise {unknown}
 k - a scroll of blinking {unknown}
 l - 2 scrolls of identify {unknown}
 m - a scroll of poison
 n - a scroll of fog {unknown}
Potions
 i - a potion of resistance


   Skills:
 + Level 2.6 Fighting
 + Level 2.8 Dodging
 + Level 3.5 Unarmed Combat
 + Level 3.4 Shapeshifting


You had 4 spell levels left.
You didn't know any spells.
Your spell library was empty.

Dungeon Overview and Level Annotations

Branches:
Dungeon (4/15)
 Temple: D:4-7

Altars:


Innate Abilities, Weirdness & Mutations

You have very sharp fingernails.


Message History

You have reached level 5!
You feel sick.
You feel sick.
You feel sick.
You feel sick.
You are no longer poisoned.
Your transformation is almost over.
You feel less wooden.
The -2 pair of boots "Ykhluq" {rF+ Regen+ MP-9} unmelds from your body.
Your +0 ring mail unmelds from your body.
HP restored.
l - 2 scrolls labelled QIK DALASKOIR (gained 1)
An ogre comes into view. It is wielding a +0 giant spiked club.
Found a stone staircase leading down.
The ogre shouts!
The ogre moves out of view.
An ogre is nearby!
An ogre is nearby!
An ogre is nearby!
An ogre is nearby!
Okay, then.
It was a potion of resistance.
You feel protected.
It was a potion of haste.
You feel yourself speed up.
You barely miss the ogre. You barely miss the ogre.
You claw the ogre, but do no damage.
The ogre hits you with a +0 giant spiked club!!
You are too injured to fight recklessly!
You claw the ogre!
The ogre is moderately wounded.
You scratch the ogre.
The ogre is heavily wounded.
The ogre barely misses you.
You barely miss the ogre.
The ogre is heavily wounded.
You scratch the ogre.
The ogre is severely wounded.
The ogre hits you with a +0 giant spiked club!!
Ouch! That really hurt!
You die...

#.......................
##.#############..#.####
#.#############........
#................#.####
#................#...
#...............## ###
#...............#
##.........O....#
#..†...[.@.....#
#..............#
#.###..†...........#
#...............####
#######.......###
#...†...# #.......#
####.##### #.......##


You could see an ogre.

Vanquished Creatures
  A scorpion (D:4)
  3 adders
  An ufetubus (D:4)
  3 worms
  3 dart slugs
  8 ball pythons
  7 endoplasms
  5 giant cockroaches
  3 goblins
  2 hobgoblins (D:2)
  2 jackals (D:4)
  5 kobolds
  2 quokkas (D:1)
  7 bats
  4 frilled lizards
  7 rats
63 creatures vanquished.

Vanquished Creatures (collateral kills)
  An endoplasm (D:2)
1 creature vanquished.

Grand Total: 64 creatures vanquished

Notes
Turn   | Place    | Note
-------+----------+-------------------------------------------
     0 | D:1      | freelancePsychic the Demonspawn Shapeshifter began the
                  | quest for the Orb.
     0 | D:1      | Reached XP level 1. HP: 15/15 MP: 1/1
   190 | D:1      | Gained mutation: You have sharp fingernails. [demonic
                  | ancestry]
   190 | D:1      | Reached XP level 2. HP: 21/21 MP: 2/2
   942 | D:2      | Reached XP level 3. HP: 26/26 MP: 3/3
  1120 | D:2      | Identified a scroll of acquirement
  1120 | D:2      | Acquired the -2 pair of boots "Ykhluq" {rF+ Regen+ MP-9}
  1558 | D:3      | Gained mutation: You have very sharp fingernails. [demonic
                  | ancestry]
  1558 | D:3      | Reached XP level 4. HP: 33/33 MP: 4/4
  2248 | D:4      | Noticed a scorpion
  2262 | D:4      | Killed a scorpion
  2263 | D:4      | Reached XP level 5. HP: 30/39 MP: 0/5
  2338 | D:4      | Noticed an ogre
  2357 | D:4      | Slain by an ogre

Illustrated notes

Levels and vault maps discovered:
D:1:      dpeg_arrival_concentric_ovals, layout_basic, hangedman_feature_mirror
D:2:      layout_rooms
D:3:      layout_basic, zin_scriptorium
D:4:      layout_basic, grunt_ministairs_11

Skill      XL: |  1  2  3 |
---------------+----------+-----
Dodging        | 2 |  2.8
Unarmed Combat | 3 |  3.5
Shapeshifting  | 3 |  3.4
Fighting       | 2 |  2.6

Action                     |  1- 3 |  4- 6 || total
---------------------------+-------+-------++-------
  Melee: Unarmed           |   105 |    62 ||   167
         Punch             |     1 |     2 ||     3
Ability: Begin Untransform |       |     1 ||     1
    Use: Scroll            |     5 |       ||     5
         Potion            |       |     3 ||     3
   Stab: Sleeping          |     1 |       ||     1
 Armour: Ring mail         |    20 |    18 ||    38
         Animal skin       |     3 |       ||     3
  Dodge: Dodged            |    48 |    32 ||    80

Table legend: (Time is in decaauts)
 A = Elapsed time spent in this place.
 B = Non-inter-level travel time spent in this place.
 C = Inter-level travel time spent in this place.
 D = Time resting spent in this place.
 E = Time spent auto-exploring this place.
 F = Levels seen in this place.
 G = Mean time per level.
                   A        B        C        D        E       F      G
               +--------+--------+--------+--------+--------+-----+--------+
         Total |   2344 |   2202 |    142 |      0 |   1818 |   4 |  586.0 |
       Dungeon |   2344 |   2202 |    142 |      0 |   1818 |   4 |  586.0 |
               +--------+--------+--------+--------+--------+-----+--------+

Top non-repeatable levels by time:
     D:1: 928 daAuts
     D:3: 805 daAuts
     D:2: 473 daAuts
     D:4: 137 daAuts
